 Dungeon Crawl Stone Soup version 0.28-a0-1233-g92def6ad0a (webtiles) character file.

Game seed: 10039314760252772440

18 Lekart the Skirmisher (level 2, -2/27 HPs)
             Began as a Draconian Chaos Knight on Dec 23, 2021.
             Was a Plaything of Xom.
             Slain by a goblin (5 damage)
             ... led by Robin
             ... on level 2 of the Dungeon.
             The game lasted 00:01:02 (333 turns).

Lekart the Skirmisher (Draconian Chaos Knight)       Turns: 333, Time: 00:01:02

Health: -2/27      AC:  4    Str: 14    XL:     2   Next: 51%
Magic:  2/2        EV: 11    Int: 12    God:    Xom [..*...]
Gold:   32         SH:  3    Dex: 10    Spells: 1/1 levels left

rFire   . . .      SeeInvis .   a - +0 hand axe (chaos)
rCold   . . .      Faith    .   c - +0 buckler
rNeg    . . .      Spirit   .   (armour unavailable)
rPois   .          Reflect  .   (helmet restricted)
rElec   .          Harm     .   (no cloak)
rCorr   .          Rampage  .   (no gloves)
Will    .....                   (no boots)
Stlth   +.........              (no amulet)
HPRegen 0.09/turn               (no ring)
MPRegen 0.08/turn               (no ring)

@: lethally poisoned (-2 -> -5)
A: AC +4, unfitting armour, cold-blooded
a: Renounce Religion


You were on level 2 of the Dungeon.
You worshipped Xom.
You were a toy of Xom.
You visited 1 branch of the dungeon, and saw 2 of its levels.

You collected 32 gold pieces.

Inventory:

Hand Weapons
 a - a +0 hand axe of chaos (weapon)
Armour
 c - a +0 buckler (worn)
Jewellery
 b - a ring of wizardry
Potions
 d - a potion of curing {unknown}


   Skills:
 + Level 3.7 Fighting
 + Level 3.3 Axes
 + Level 2.4 Dodging


You had one spell level left.
You didn't know any spells.
Your spell library was empty.

Dungeon Overview and Level Annotations

Branches:
Dungeon (2/15)

Altars:

Annotations:
D:2 Robin


Innate Abilities, Weirdness & Mutations

Your plain brown scales are hard. (AC +4)
You cannot fit into any form of body armour.
You are cold-blooded and may be slowed by cold attacks.


Message History

There are monsters nearby!
You closely miss the goblin.
The goblin is severely wounded.
You hit Robin. You barely miss the goblin. You hit the hobgoblin.
You burn the hobgoblin. You barely miss the goblin. You hit the goblin.
You freeze the goblin.
You kill the goblin!
You hit the goblin.
You kill the goblin!
You feel sick.
The hobgoblin hits you but does no damage.
The goblin barely misses you. You block the goblin's attack. x2
There are monsters nearby!
You hit the goblin. You freeze the goblin.
You kill the goblin!
You hit Robin but do no damage. You completely miss the goblin.
You barely miss the hobgoblin. You closely miss the goblin. You hit the goblin.
You freeze the goblin.
You kill the goblin!
You feel sick. The hobgoblin hits you. The goblin closely misses you.
Robin roars a battlecry!
The goblins go into a battle-frenzy!
You barely miss the hobgoblin.
The hobgoblin is severely wounded.
You hit the rat. You burn the rat.
You kill the rat!
You hit the goblin.
You kill the goblin!
You hit the goblin.
The goblin suddenly seems more agile.
You closely miss the goblin. You hit Robin but do no damage.
You miss the goblin.
You feel sick. You block the hobgoblin's attack.
The goblin hits you with a +0 dagger. Robin throws the goblin at you!
The goblin hits you with a +0 dagger. The goblin misses you.
The goblin hits you with a +0 dagger.
* * * LOW HITPOINT WARNING * * *
The goblin closely misses you. The hobgoblin hits you.
* * * LOW HITPOINT WARNING * * *
The goblin hits you but does no damage. The goblin hits you with a +0 club.
You die...
Xom roars with laughter!

. ..# . ....##
...
#.....#####....
...<.Jggg......
#.gg@g......
####gg......
##..##.#. #.#
.. ... ... ....


You could see Robin, an endoplasm, a hobgoblin (strong) and 6 goblins.

Vanquished Creatures
  2 ball pythons (D:1)
  A giant cockroach (D:1)
  7 goblins
  3 jackals (D:1)
  A quokka (D:1)
  A kobold (D:1)
  A rat (D:2)
16 creatures vanquished.

Notes
Turn   | Place    | Note
-------+----------+-------------------------------------------
     0 | D:1      | Lekart the Draconian Chaos Knight began the quest for the
                  | Orb.
     0 | D:1      | Reached XP level 1. HP: 19/19 MP: 1/1
   155 | D:1      | Reached XP level 2. HP: 26/26 MP: 2/2
   329 | D:1      | You fall into a shaft and drop 1 floor!
   329 | D:2      | Noticed Robin
   333 | D:2      | Slain by a goblin

Illustrated notes

Levels and vault maps discovered:
D:1:      scummos_arrival_gate, layout_rooms, dk_noncrumbling_4,
          roderic_roman_lattice, chequers_serial_rivers_small_b,
          chequers_serial_rivers_large_a
D:2:      layout_rooms, serial_shops, shop, basic_altar, basic_ecumenical_altar,
          uniq_robin

Action                   || total
-------------------------++-------
Melee: Hand axe          ||    26
       Tailslap          ||     1
Armor: Skin              ||     9
Dodge: Dodged            ||    30
Block: Buckler           ||     4

Table legend: (Time is in decaauts)
 A = Elapsed time spent in this place.
 B = Non-inter-level travel time spent in this place.
 C = Inter-level travel time spent in this place.
 D = Time resting spent in this place.
 E = Time spent auto-exploring this place.
 F = Levels seen in this place.
 G = Mean time per level.
                   A        B        C        D        E       F      G
               +--------+--------+--------+--------+--------+-----+--------+
         Total |    342 |    342 |      0 |      0 |    269 |   2 |  171.0 |
       Dungeon |    342 |    342 |      0 |      0 |    269 |   2 |  171.0 |
               +--------+--------+--------+--------+--------+-----+--------+

Top non-repeatable levels by time:
     D:1: 337 daAuts
     D:2: 4 daAuts
